 Dungeon Crawl Stone Soup version 0.14-a0-1844-g8283a67 (webtiles) character file.

377 Piginabag the Ducker (level 5, 0/43 HPs)
             Began as a Demonspawn Monk on Jan 12, 2014.
             Killed by divine providence
             ... invoked by an orc priest
              (13 damage)
             ... on Level 5 of the Dungeon.
             The game lasted 00:07:02 (3388 turns).

Piginabag the Ducker (Demonspawn Monk)              Turns: 3388, Time: 00:07:02

HP   0/43        AC  6     Str 12      XL: 5   Next: 53%
MP   5/5         EV 10     Int 11      God:
Gold 172         SH  0     Dex 16      Spells:  0 memorised,  4 levels left

rFire  . . .     SeeInvis .     q - +0 whip
rCold  . . .     Clarity  .     f - +0 ring mail
rNeg   . . .     Conserve .     (no shield)
rPois  .         rCorr    .     (no helmet)
rElec  .         rRot     .     (no cloak)
SustAb . .       Spirit   .     (no gloves)
rMut   .         Warding  .     (no boots)
Saprov . . .     Stasis   .     (no amulet)
                                (no ring)
                                (no ring)

@: slightly resistant to hostile enchantments, unstealthy
A: talons 2, rugged brown scales 1
a: no special abilities


You were on level 5 of the Dungeon.
You were not hungry.

You visited 1 branch of the dungeon, and saw 5 of its levels.

You collected 172 gold pieces.

Inventory:

Hand weapons
 q - a +0,+0 whip (weapon)
Armour
 a - a +0 robe
 f - a +0 ring mail (worn)
Comestibles
 b - 4 bread rations
 h - a pear
 n - 3 apples
 x - 4 chunks of orc flesh
Scrolls
 c - a scroll of curse armour {unknown}
 d - 2 scrolls of enchant weapon II {unknown}
 e - a scroll of magic mapping {unknown}
 g - 2 scrolls of noise {unknown}
 i - 3 scrolls of teleportation {unknown}
 j - 5 scrolls of identify {unknown}
 m - a scroll of enchant weapon I {unknown}
 o - 2 scrolls of enchant armour {unknown}
 t - a scroll of amnesia {unknown}
Jewellery
 r - an uncursed amulet of inaccuracy {unknown}
 s - a cursed ring of wizardry {unknown}
 w - the ring "Plog" {Ice +Rage rPois Acc-4 Stlth-, unknown}
   (You found it on level 5 of the Dungeon)

   [ring of ice]

   It affects your accuracy (-4).
   It protects you from poison.
   It lets you go berserk.
   It makes you less stealthy.
Potions
 k - a potion of speed {unknown}
 u - a potion of resistance {unknown}
 v - a potion of invisibility {unknown}


   Skills:
 + Level 3.9 Fighting
 + Level 0.5 Maces & Flails
 + Level 2.0 Armour
 + Level 4.6 Dodging
 - Level 1.7 Stealth
 - Level 3.6 Unarmed Combat


You had 4 spell levels left.
You didn't know any spells.

Dungeon Overview and Level Annotations

Branches:
Dungeon (5/16)
 Temple: D:4-7

Altars:
Yredelemnul

Annotations:
D:4 Dowan, Duvessa


Innate Abilities, Weirdness & Mutations

You have razor-sharp toenails.
You are partially covered in rugged brown scales (AC +1, +3% HP).


Message History

The orc priest is lightly wounded.
The orc priest hits you with an orcish short sword.
The orc priest barely misses you.
You hit the orc priest. Your kick misses the orc priest.
The orc priest is heavily wounded.
You barely miss the orc priest.
The orc priest is heavily wounded.
The orc priest calls down the wrath of Beogh upon you.
Something smites you!
* * * LOW HITPOINT WARNING * * *
You are too injured to fight recklessly!
Drink which item? (? for menu, Esc to quit)
You feel better.
The orc priest hits you with an orcish short sword.
You hit the orc priest but do no damage.
You claw the orc priest.
The orc priest is severely wounded.
The orc priest invokes the aid of Beogh against you.
Something smites you!
You die...

#....##......##.###
####....#####...##.#
##.......#####...##.###
#.................)....
#.....#####..........##
#.###.# #............
#.# #..........## ##o##
#....#.#...# #.)@#
#....#.#...## #...#
####.#.##.### #...#
.......... #..##
....#.### #..# . # ...#
....# ..... .


You could see an orc priest.

Vanquished Creatures
  An orc priest (D:5)
  Jessica (D:2)
  Terence (D:2)
  5 adders
  A giant mite (D:4)
  A worm (D:4)
  A giant eyeball (D:4)
  9 orcs
  A ball python (D:1)
  4 giant cockroaches (D:2)
  6 goblins
  8 hobgoblins
  11 jackals
  8 kobolds
  10 bats
  2 giant geckos
  4 giant newts
  8 rats
82 creatures vanquished.

Notes
Turn   | Place    | Note
--------------------------------------------------------------
     0 | D:1      | Piginabag, the Demonspawn Monk, began the quest for the Orb.
     0 | D:1      | Reached XP level 1. HP: 18/18 MP: 1/1
   291 | D:1      | Gained mutation: You are partially covered in rugged brown scales (AC +1, +3% HP). [demonic ancestry]
   291 | D:1      | Reached XP level 2. HP: 18/24 MP: 2/2
   752 | D:2      | HP: 1/24 [hobgoblin/club (1)]
   858 | D:2      | Gained mutation: You have sharp toenails. [demonic ancestry]
   858 | D:2      | Reached XP level 3. HP: 12/29 MP: 3/3
  1153 | D:2      | Noticed Terence
  1171 | D:2      | Killed Terence
  1171 | D:2      | Reached skill level 1 in Armour
  1172 | D:2      | Noticed Jessica
  1182 | D:2      | Killed Jessica
  1182 | D:2      | Reached skill level 4 in Dodging
  1182 | D:2      | Gained mutation: You have razor-sharp toenails. [demonic ancestry]
  1182 | D:2      | Reached XP level 4. HP: 24/36 MP: 4/4
  1962 | D:3      | Found a basalt altar of Yredelemnul.
  2738 | D:4      | Reached XP level 5. HP: 35/43 MP: 5/5
  3122 | D:4      | Paralysed by a giant eyeball for 2 turns
  3132 | D:4      | Paralysed by a giant eyeball for 4 turns
  3138 | D:4      | Paralysed by a giant eyeball for 4 turns
  3145 | D:4      | Paralysed by a giant eyeball for 2 turns
  3241 | D:4      | Noticed Duvessa
  3244 | D:4      | Noticed Dowan
  3250 | D:5      | Entered Level 5 of the Dungeon
  3347 | D:5      | Got a slimy jade ring
  3388 | D:5      | Killed from afar by an orc priest

Action                   |  1- 3 |  4- 6 || total
-------------------------+-------+-------++-------
Melee: Unarmed           |   146 |    23 ||   169
       Whip              |       |   178 ||   178
  Use: Potion            |     1 |     3 ||     4
